AoeStats
← ijshoorntje

MegaRandom

508049795Analyzed
3v3 RM · 12d ago on Sep 20, 2026· 33m 56s· 6 players
Game mode
Random Map
Map size
Normal (6 player)
Population
200
Speed
Normal
Resources
Standard
Victory
Conquest
Starting age
Dark Age
Ending age
Imperial Age
RankedLock teamsTeams togetherTeam positionsShared explorationLock speedFull tech treeHidden civsTurbo modeCheats
Victory
Defeat
🇳🇱 Ethiopians · Netherlands
1196
+12
🇳🇱 Magyars · Netherlands
1171
+13
🇳🇱 Japanese · Netherlands
1151
+15
🇩🇪 Berbers · Germany
1127
-14
🇩🇪 Huns · Germany
1111
-13
🇩🇪 Vietnamese · Germany
1105
-13
doneflamingo
2:26 Loom
10:50 Feudal Age
13:12 Wheelbarrow
16:05 Castle Age
14:10 Fletching
14:20 Padded Archer Armor
15:15 Scale Barding Armor
15:40 Town Watch
16:21 Bloodlines
17:12 Forging
16:30 Elite Skirmisher
20:21 Husbandry
22:37 Horse Collar
27:19 Bodkin Arrow
29:37 Chain Barding Armor
33:51 Hand Cart
Miss_Mulberry
9:34 Feudal Age
10:12 Double-Bit Axe
10:34 Horse Collar
17:10 Fletching
17:21 Padded Archer Armor
22:55 Castle Age
23:26 Crossbowman
24:04 Bodkin Arrow
25:31 Thumb Ring
Lady_Sunflower
8:28 Loom
10:30 Feudal Age
11:58 Wheelbarrow
11:26 Double-Bit Axe
16:08 Castle Age
15:20 Scale Barding Armor
15:42 Bloodlines
16:52 Horse Collar
19:45 Heavy Plow
21:32 Forging
21:50 Husbandry
21:53 Gold Mining
23:26 Chain Barding Armor
24:45 Iron Casting
25:44 Marauders
33:00 Imperial Age
33:37 Hand Cart
Kees Harakir!
0:31 Loom
9:58 Feudal Age
10:59 Double-Bit Axe
13:19 Fletching
13:29 Padded Archer Armor
14:40 Wheelbarrow
14:01 Horse Collar
17:58 Castle Age
17:09 Town Watch
18:22 Gold Mining
18:55 Bodkin Arrow
18:25 Crossbowman
19:10 Thumb Ring
19:55 Squires
20:58 Hand Cart
25:33 Bow Saw
25:32 Heavy Plow
25:49 Leather Archer Armor
27:59 Ballistics
Victor
0:28 Loom
9:22 Feudal Age
13:25 Castle Age
12:17 Double-Bit Axe
12:16 Horse Collar
14:23 Wheelbarrow
17:29 Corvinian Army
20:12 Scale Barding Armor
24:48 Imperial Age
23:15 Bloodlines
23:11 Husbandry
27:37 Elite Magyar Huszar
29:08 Chain Barding Armor
29:20 Town Watch
31:56 Plate Barding Armor
32:56 Hand Cart
32:42 Town Patrol
32:58 Fletching
ijshoorntje
0:33 Loom
10:02 Feudal Age
11:31 Horse Collar
12:30 Wheelbarrow
12:25 Double-Bit Axe
17:27 Castle Age
15:36 Stone Mining
16:28 Arson
19:02 Forging
18:53 Scale Mail Armor
19:29 Fletching
24:28 Imperial Age
23:14 Heavy Plow
25:00 Yasama
25:24 Ballistics
24:54 Guard Tower
26:34 Iron Casting
25:57 Bodkin Arrow
27:12 Kataparuto
27:16 Conscription
27:52 Bow Saw
29:50 Elite Samurai
31:12 Iron Casting
30:52 Chain Mail Armor
30:38 Bracer
30:43 Squires
31:45 Murder Holes
32:51 Chemistry
32:28 Keep
32:59 Hand Cart
32:29 Town Watch
33:18 Arrowslits
Connection lost

Rejoining the realm…

Still unreachable

The connection could not be restored.

Session expired

The server has moved on; the page needs a fresh start.